Workbook
Name \0: #REF!
Name \0: #REF!
Name \0: #REF!
Name \0: #REF!
Name \0: #REF!
Name \0: #REF!
Name \0: #REF!
Name \a: #REF!
Name \a: #REF!
Name \a: #REF!
Name \a: #REF!
Name \a: #REF!
Name \a: #REF!
Name \a: #REF!
Name \b: #REF!
Name \b: #REF!
Name \b: #REF!
Name \b: #REF!
Name \b: #REF!
Name \b: #REF!
Name \b: #REF!
Name \e: #REF!
Name \e: #REF!
Name \e: #REF!
Name \e: #REF!
Name \e: #REF!
Name \e: #REF!
Name \e: #REF!
Name \p: #REF!
Name \p: #REF!
Name \p: #REF!
Name \p: #REF!
Name \p: #REF!
Name \p: #REF!
Name \p: #REF!
Name _: #REF!
Name _: #REF!
Name _: #REF!
Name _: #REF!
Name _: #REF!
Name _: #REF!
Name _: #REF!
Name ________xlnm.Database: "#ref!"
Name ________xlnm.Print_Area: "#ref!"
Name _______xlnm.Database: "#ref!"
Name _______xlnm.Print_Area: "#ref!"
Name ______xlnm.Database: "#ref!"
Name ______xlnm.Print_Area: "#ref!"
Name ____xlnm.Database: "#ref!"
Name ____xlnm.Print_Area: "#ref!"
Name ___xlnm.Database: #REF!
Name ___xlnm.Database: #REF!
Name ___xlnm.Print_Area: #REF!
Name ___xlnm.Print_Area: #REF!
Name ___xlnm.Print_Area_3: #REF!
Name ___xlnm.Print_Area_3: #REF!
Name ___xlnm.Print_Area_3: #REF!
Name ___xlnm.Print_Area_3: #REF!
Name ___xlnm.Print_Area_3: #REF!
Name ___xlnm.Print_Area_3: #REF!

Sheet PLANILHA ORÇAMENTO
B2: PLANILHA ORÇAMENTÁRIA
B3: CÓD. OBRA: | C3: 066 | D3: OBJETO: EXECUÇÃO DE REMANESCENTE DE OBRAS DE CONTENÇÃO DE ENCOSTAS EM 07 ÁREAS DE RISCO, NO MUNICÍPIO DE BETIM-MG. ÁREAS PREVISTAS NO TERMO DE COMPROMISSO N.º 0.398.478-71 .
B4: REFERÊNCIA: | C4: TABELA SINAPI SEM DESONERAÇÃO - BASE JULHO DE 2025
B5: REFERÊNCIA: | C5: TABELA SUDECAP ONERADA - BASE ABRIL DE 2025
B6: REFERÊNCIA: | C6: TABELA SICOR-MG SEM DESONERAÇÃO - BASE ABRIL DE 2025
B7: REFERÊNCIA: | C7: TABELA DNIT SEM DESONERAÇÃO - BASE ABRIL DE 2025 (REVISADO) | H7: BDI SERVIÇOS | I7: ='BDI TCU 2622 -URBANAS '!J24 -> 0.207
B8: DATA BASE DO ORÇAMENTO: JULHO DE 2025
B10: ITEM | C10: REFERÊNCIA | D10: CÓDIGO | E10: DESCRIÇÃO | F10: UNIDADE | G10: QUANT. TOTAL | H10: PREÇO UNITÁRIO (SEM BDI) | I10: PREÇO UNITÁRIO (COM BDI) | J10: PREÇO TOTAL (COM BDI) | K10: % PESO
H12: BDI SERVIÇOS | I12: 1.207
B14: 01 | E14: INSTALAÇAO DA OBRA E ADMINISTRAÇÃO LOCAL
B15: 01.01 | E15: PLACA DE OBRA
B16: 01.01.01 | C16: SINAPI | D16: 103689 | E16: FORNECIMENTO E INSTALAÇÃO DE PLACA DE OBRA COM CHAPA GALVANIZADA E ESTRUTURA DE MADEIRA. | F16: M2 | G16: 42 | H16: 502.02 | I16: =ROUND(H16*$I$12,2) -> 605.94 | J16: =ROUND(G16*$I16,2) -> 25449.48 | K16: =J16/$J$223 -> 0.0020191627
B17: 01.02 | E17: INSTALAÇAO PROVISORIA - CONCESSIONARIA | G17: 0 | I17: =ROUND(H17*$I$12,2) -> 0 | J17: =ROUND(G17*$I17,2) -> 0 | K17: =J17/$J$223 -> 0
B18: 01.02.01 | C18: CPU | D18: 001 | E18: LIGAÇÃO PROVISÓRIA COM ENTRADA DE ENERGIA AÉREA, PADRÃO CEMIG, CARGA INSTALADA DE 15,1KVA ATÉ 30KVA, TRIFÁSICO, COM SAÍDA SUBTERRÂNEA, INCLUSIVE POSTE, CAIXA PARA MEDIDOR, DISJUNTOR, BARRAMENTO, ATERRAMENTO E ACESSÓRIOS | F18: UN | G18: 5 | H18: 1010.69 | I18: =ROUND(H18*$I$12,2) -> 1219.9 | J18: =ROUND(G18*$I18,2) -> 6099.5 | K18: =J18/$J$223 -> 0.00048393456
B19: 01.02.02 | C19: SINAPI | D19: 95635 | E19: KIT CAVALETE PARA MEDIÇÃO DE ÁGUA - ENTRADA PRINCIPAL, EM PVC DN 25 MM (3/4") - FORNECIMENTO E INSTALAÇÃO (EXCLUSIVE HIDRÔMETRO). | F19: UN | G19: 5 | H19: 217.21 | I19: =ROUND(H19*$I$12,2) -> 262.17 | J19: =ROUND(G19*$I19,2) -> 1310.85 | K19: =J19/$J$223 -> 0.00010400289
B20: 01.02.03 | C20: SINAPI | D20: 95675 | E20: HIDRÔMETRO DN 3/4", 5,0 M3/H - FORNECIMENTO E INSTALAÇÃO. | F20: UN | G20: 5 | H20: 211.12 | I20: =ROUND(H20*$I$12,2) -> 254.82 | J20: =ROUND(G20*$I20,2) -> 1274.1 | K20: =J20/$J$223 -> 0.00010108714
B21: 01.03 | E21: CONTAINER | G21: 0 | I21: =ROUND(H21*$I$12,2) -> 0 | J21: =ROUND(G21*$I21,2) -> 0 | K21: =J21/$J$223 -> 0
B22: 01.03.01 | C22: CPU | D22: 002 | E22: MOBILIZAÇÃO DE CONTAINER | F22: UN | G22: 21 | H22: 1200 | I22: =ROUND(H22*$I$12,2) -> 1448.4 | J22: =ROUND(G22*$I22,2) -> 30416.4 | K22: =J22/$J$223 -> 0.0024132383
B23: 01.03.02 | C23: CPU | D23: 003 | E23: DESMOBILIZAÇÃO DE CONTAINER | F23: UN | G23: 21 | H23: 1200 | I23: =ROUND(H23*$I$12,2) -> 1448.4 | J23: =ROUND(G23*$I23,2) -> 30416.4 | K23: =J23/$J$223 -> 0.0024132383
B24: 01.03.03 | C24: SINAPI | D24: 10776 | E24: LOCACAO DE CONTAINER 2,30 X 6,00 M, ALT. 2,50 M, PARA ESCRITORIO, SEM DIVISORIAS INTERNAS E SEM SANITARIO (NAO INCLUI MOBILIZACAO/DESMOBILIZACAO) | F24: MES | G24: 20 | H24: 789.06 | I24: =ROUND(H24*$I$12,2) -> 952.4 | J24: =ROUND(G24*$I24,2) -> 19048 | K24: =J24/$J$223 -> 0.0015112691
B25: 01.03.04 | C25: SINAPI | D25: 10777 | E25: LOCACAO DE CONTAINER 2,30 X 4,30 M, ALT. 2,50 M, PARA SANITARIO, COM 3 BACIAS, 4 CHUVEIROS, 1 LAVATORIO E 1 MICTORIO (NAO INCLUI MOBILIZACAO/DESMOBILIZACAO) | F25: MES | G25: 20 | H25: 1146.77 | I25: =ROUND(H25*$I$12,2) -> 1384.15 | J25: =ROUND(G25*$I25,2) -> 27683 | K25: =J25/$J$223 -> 0.0021963703
B26: 01.03.05 | C26: CPU | D26: 004 | E26: LOCAÇÃO DE CONTAINER COM ISOLAMENTO TÉRMICO, TIPO 4, PARA REFEITÓRIO DE OBRA, COM MEDIDAS REFERENCIAIS DE (6) METROS COMPRIMENTO, (2,3) METROS LARGURA E (2,5) METROS ALTURA ÚTIL INTERNA, INCLUSIVE LIGAÇÕES ELÉTRICAS INTERNAS, EXCLUSIVE MOBILIZAÇÃO/DESMOBILIZAÇÃO E LIGAÇÕES PROVISÓRIAS EXTERNAS | F26: MES | G26: 20 | H26: 925.74 | I26: =ROUND(H26*$I$12,2) -> 1117.37 | J26: =ROUND(G26*$I26,2) -> 22347.4 | K26: =J26/$J$223 -> 0.0017730436
B27: 01.03.06 | C27: CPU | D27: 005 | E27: LOCAÇÃO DE CONTAINER COM ISOLAMENTO TÉRMICO, TIPO 3, PARA DEPÓSITO/FERRAMENTARIA DE OBRA, COM MEDIDAS REFERENCIAIS DE (6) METROS COMPRIMENTO, (2,3) METROS LARGURA E (2,5) METROS ALTURA ÚTIL INTERNA, INCLUSIVE LIGAÇÕES ELÉTRICAS INTERNAS, EXCLUSIVE MOBILIZAÇÃO/DESMOBILIZAÇÃO E LIGAÇÕES PROVISÓRIAS EXTERNAS | F27: MES | G27: 23 | H27: 795.02 | I27: =ROUND(H27*$I$12,2) -> 959.59 | J27: =ROUND(G27*$I27,2) -> 22070.57 | K27: =J27/$J$223 -> 0.0017510799
B28: 01.04 | E28: BANHEIRO QUIMICO | G28: 0 | I28: =ROUND(H28*$I$12,2) -> 0 | J28: =ROUND(G28*$I28,2) -> 0 | K28: =J28/$J$223 -> 0
B29: 01.04.01 | C29: CPU | D29: 006 | E29: LOCAÇÃO DE BANHEIRO QUÍMICO, DIMENSÃO (110X120X230)CM, LINHA PADRÃO, CONTENDO UMA (1) PIA/HIGIENIZADOR DE MÃOS, INCLUSIVE MANUTENÇÃO E MOBILIZAÇÃO/DESMOBILIZAÇÃO | F29: MES | G29: 24 | H29: 980 | I29: =ROUND(H29*$I$12,2) -> 1182.86 | J29: =ROUND(G29*$I29,2) -> 28388.64 | K29: =J29/$J$223 -> 0.0022523558
B30: 01.05 | E30: TAPUME | G30: 0 | I30: =ROUND(H30*$I$12,2) -> 0 | J30: =ROUND(G30*$I30,2) -> 0 | K30: =J30/$J$223 -> 0
B31: 01.05.01 | C31: SINAPI | D31: 98458 | E31: TAPUME COM COMPENSADO DE MADEIRA. | F31: M2 | G31: 122.32 | H31: 99.69 | I31: =ROUND(H31*$I$12,2) -> 120.33 | J31: =ROUND(G31*$I31,2) -> 14718.77 | K31: =J31/$J$223 -> 0.0011677878
B32: 01.06 | E32: ADMINISTRACAO LOCAL DA OBRA | G32: 0 | I32: =ROUND(H32*$I$12,2) -> 0 | J32: =ROUND(G32*$I32,2) -> 0 | K32: =J32/$J$223 -> 0
B33: 01.06.01 | C33: ANEXO | D33: PL | E33: ADMINISTRACAO LOCAL - (conforme planilha em anexo) | F33: UN | G33: 1 | H33: 520874.16 | I33: =ROUND(H33*$I$12,2) -> 628695.11 | J33: =ROUND(G33*$I33,2) -> 628695.11 | K33: =J33/$J$223 -> 0.049880694
G34: 0 | I34: =ROUND(H34*$I$12,2) -> 0 | J34: =ROUND(G34*$I34,2) -> 0 | K34: =J34/$J$223 -> 0
E35: SUB-TOTAL DO ITEM 01 | G35: 0 | J35: =ROUND(SUM(J15:J34),2) -> 857918.22 | K35: =J35/$J$223 -> 0.068067265
G36: 0 | H36: 0 | I36: =ROUND(H36*$I$12,2) -> 0 | J36: =ROUND(G36*$I36,2) -> 0 | K36: =J36/$J$223 -> 0
B37: 02 | E37: DEMOLIÇÕES | G37: 0 | I37: =ROUND(H37*$I$12,2) -> 0 | J37: =ROUND(G37*$I37,2) -> 0 | K37: =J37/$J$223 -> 0
B38: 02.01 | C38: SINAPI | D38: 104790 | E38: DEMOLIÇÃO DE PISO DE CONCRETO SIMPLES, DE FORMA MECANIZADA COM MARTELETE, SEM REAPROVEITAMENTO. | F38: M3 | G38: 116.76 | H38: 117.43 | I38: =ROUND(H38*$I$12,2) -> 141.74 | J38: =ROUND(G38*$I38,2) -> 16549.56 | K38: =J38/$J$223 -> 0.0013130427
B39: 02.02 | C39: CPU | D39: 007 | E39: DEMOLIÇÃO EM CONCRETO ARMADO, DE FORMA MANUAL, SEM REAPROVEITAMENTO. | F39: M3 | G39: 2.88 | H39: 284.38 | I39: =ROUND(H39*$I$12,2) -> 343.25 | J39: =ROUND(G39*$I39,2) -> 988.56 | K39: =J39/$J$223 -> 7.8432388e-05
B40: 02.03 | C40: CPU | D40: 008 | E40: DEMOLIÇÃO DE REVESTIMENTO ASFÁLTICO, COM EQUIPAMENTO PNEUMÁTICO, EXCLUSIVE TRANSPORTE E RETIRADA DO MATERIAL DEMOLIDO | F40: M3 | G40: 29.46 | H40: 162.63 | I40: =ROUND(H40*$I$12,2) -> 196.29 | J40: =ROUND(G40*$I40,2) -> 5782.7 | K40: =J40/$J$223 -> 0.00045879964
B41: 02.04 | E41: CARGA DE MATERIAL DE QQUER NATUREZA SOBRE CAMINHAO | G41: 0 | I41: =ROUND(H41*$I$12,2) -> 0 | J41: =ROUND(G41*$I41,2) -> 0 | K41: =J41/$J$223 -> 0
B42: 02.04.01 | C42: CPU | D42: 009 | E42: CARGA MANUAL DE MATERIAL DE QUALQUER NATUREZA SOBRE CAMINHÃO, EXCLUSIVE TRANSPORTE | F42: M3 | G42: 56.55 | H42: 45.28 | I42: =ROUND(H42*$I$12,2) -> 54.65 | J42: =ROUND(G42*$I42,2) -> 3090.46 | K42: =J42/$J$223 -> 0.00024519722
B43: 02.04.02 | C43: SINAPI | D43: 100982 | E43: CARGA, MANOBRA E DESCARGA DE ENTULHO EM CAMINHÃO BASCULANTE 10 M³ - CARGA COM ESCAVADEIRA HIDRÁULICA (CAÇAMBA DE 0,80 M³ / 111 HP) E DESCARGA LIVRE (UNIDADE: M3) | F43: M3 | G43: 13.73 | H43: 9.33 | I43: =ROUND(H43*$I$12,2) -> 11.26 | J43: =ROUND(G43*$I43,2) -> 154.6 | K43: =J43/$J$223 -> 1.226597e-05
B44: 02.05 | E44: TRANSPORTE DE MATERIAL DEMOLIDO EM CAMINHAO | G44: 0 | I44: =ROUND(H44*$I$12,2) -> 0 | J44: =ROUND(G44*$I44,2) -> 0 | K44: =J44/$J$223 -> 0
B45: 02.05.01 | C45: SINAPI | D45: 95875 | E45: TRANSPORTE COM CAMINHÃO BASCULANTE DE 10 M³, EM VIA URBANA PAVIMENTADA, DMT ATÉ 30 KM (UNIDADE: M3XKM). | F45: M3xKM | G45: 1098.45 | H45: 2.53 | I45: =ROUND(H45*$I$12,2) -> 3.05 | J45: =ROUND(G45*$I45,2) -> 3350.27 | K45: =J45/$J$223 -> 0.00026581055
G46: 0 | I46: =ROUND(H46*$I$12,2) -> 0 | J46: =ROUND(G46*$I46,2) -> 0 | K46: =J46/$J$223 -> 0
E47: SUB-TOTAL DO ITEM 02 | G47: 0 | J47: =ROUND(SUM(J36:J46),2) -> 29916.15 | K47: =J47/$J$223 -> 0.0023735485
G48: 0 | I48: =ROUND(H48*$I$12,2) -> 0 | J48: =ROUND(G48*$I48,2) -> 0 | K48: =J48/$J$223 -> 0
B49: 03 | E49: LIMPEZA DO TERRENO | G49: 0 | I49: =ROUND(H49*$I$12,2) -> 0 | J49: =ROUND(G49*$I49,2) -> 0 | K49: =J49/$J$223 -> 0
B50: 03.01 | E50: DESMATAMENTO, DESTOCAMENTO E LIMPEZA DO TERRENO | G50: 0 | I50: =ROUND(H50*$I$12,2) -> 0 | J50: =ROUND(G50*$I50,2) -> 0 | K50: =J50/$J$223 -> 0
B51: 03.01.01 | C51: SINAPI | D51: 98524 | E51: LIMPEZA MANUAL DE VEGETAÇÃO EM TERRENO COM ENXADA. | F51: M2 | G51: 38314.55 | H51: 4.82 | I51: =ROUND(H51*$I$12,2) -> 5.82 | J51: =ROUND(G51*$I51,2) -> 222990.68 | K51: =J51/$J$223 -> 0.017692089
B52: 03.01.02 | C52: SINAPI | D52: 98525 | E52: LIMPEZA MECANIZADA DE CAMADA VEGETAL, VEGETAÇÃO E PEQUENAS ÁRVORES (DIÂMETRO DE TRONCO MENOR QUE 0,20 M), COM TRATOR DE ESTEIRAS. | F52: M2 | G52: 3320.47 | H52: 0.71 | I52: =ROUND(H52*$I$12,2) -> 0.86 | J52: =ROUND(G52*$I52,2) -> 2855.6 | K52: =J52/$J$223 -> 0.00022656341
B53: 03.02 | E53: CARGA DE MATERIAL DE QQUER NATUREZA SOBRE CAMINHAO | G53: 0 | I53: =ROUND(H53*$I$12,2) -> 0 | J53: =ROUND(G53*$I53,2) -> 0 | K53: =J53/$J$223 -> 0
B54: 03.02.01 | C54: SINAPI | D54: 100978 | E54: CARGA, MANOBRA E DESCARGA DE SOLOS E MATERIAIS GRANULARES EM CAMINHÃO BASCULANTE 10 M³ - CARGA COM ESCAVADEIRA HIDRÁULICA (CAÇAMBA DE 1,20 M³ / 155 HP) E DESCARGA LIVRE (UNIDADE: M3). | F54: M3 | G54: 9974.17 | H54: 7.23 | I54: =ROUND(H54*$I$12,2) -> 8.73 | J54: =ROUND(G54*$I54,2) -> 87074.5 | K54: =J54/$J$223 -> 0.0069084942
B55: 03.02.02 | C55: CPU | D55: 009 | E55: CARGA MANUAL DE MATERIAL DE QUALQUER NATUREZA SOBRE CAMINHÃO, EXCLUSIVE TRANSPORTE | F55: M3 | G55: 176.75 | H55: 45.28 | I55: =ROUND(H55*$I$12,2) -> 54.65 | J55: =ROUND(G55*$I55,2) -> 9659.39 | K55: =J55/$J$223 -> 0.00076637637
B56: 03.03 | E56: TRANSPORTE DE MATERIAL DE QUALQUER NATUREZA | G56: 0 | I56: =ROUND(H56*$I$12,2) -> 0 | J56: =ROUND(G56*$I56,2) -> 0 | K56: =J56/$J$223 -> 0
B57: 03.03.01 | C57: SINAPI | D57: 95875 | E57: TRANSPORTE COM CAMINHÃO BASCULANTE DE 10 M³, EM VIA URBANA PAVIMENTADA, DMT ATÉ 30 KM (UNIDADE: M3XKM). | F57: M3KM | G57: 67068.4 | H57: 2.53 | I57: =ROUND(H57*$I$12,2) -> 3.05 | J57: =ROUND(G57*$I57,2) -> 204558.62 | K57: =J57/$J$223 -> 0.016229689
B58: 03.03.02 | C58: CPU | D58: 010 | E58: TRANSPORTE DE MATERIAL DE QUALQUER NATUREZA COM CARRINHO DE MÃO, COM DISTÂNCIAS MENORES OU IGUAIS A 50M, INCLUSIVE CARGA/DESCARGA | F58: M3 | G58: 101.52 | H58: 26.78 | I58: =ROUND(H58*$I$12,2) -> 32.32 | J58: =ROUND(G58*$I58,2) -> 3281.13 | K58: =J58/$J$223 -> 0.00026032498
B59: 03.03.03 | C59: CPU | D59: 011 | E59: TRANSPORTE DE MATERIAL DE QUALQUER NATUREZA COM CARRINHO DE MÃO, COM DISTÂNCIAS MAIORES QUE 50M E MENORES OU IGUAIS A 100M, INCLUSIVE CARGA/DESGARGA | F59: M3 | G59: 75.23 | H59: 44.87 | I59: =ROUND(H59*$I$12,2) -> 54.16 | J59: =ROUND(G59*$I59,2) -> 4074.46 | K59: =J59/$J$223 -> 0.00032326781
G60: 0 | I60: =ROUND(H60*$I$12,2) -> 0 | J60: =ROUND(G60*$I60,2) -> 0 | K60: =J60/$J$223 -> 0
E61: SUB-TOTAL DO ITEM 03 | G61: 0 | J61: =ROUND(SUM(J48:J60),2) -> 534494.38 | K61: =J61/$J$223 -> 0.042406805
G62: 0 | I62: =ROUND(H62*$I$12,2) -> 0 | J62: =ROUND(G62*$I62,2) -> 0 | K62: =J62/$J$223 -> 0
B63: 04 | E63: VIABILIZAÇÃO DAS OBRAS | G63: 0 | I63: =ROUND(H63*$I$12,2) -> 0 | J63: =ROUND(G63*$I63,2) -> 0 | K63: =J63/$J$223 -> 0
B64: 04.01 | E64: FUNDAÇÃO | G64: 0 | I64: =ROUND(H64*$I$12,2) -> 0 | J64: =ROUND(G64*$I64,2) -> 0 | K64: =J64/$J$223 -> 0
B65: 04.01.01 | C65: CPU | D65: 012 | E65: BALDRAME DE ALVENARIA DE BLOCO DE CONCRETO(SAPATA) E= 15 CM PREENCHIDO COM CONCRETO (20MPA) | F65: M2 | G65: 17.4 | H65: 207.01 | I65: =ROUND(H65*$I$12,2) -> 249.86 | J65: =ROUND(G65*$I65,2) -> 4347.56 | K65: =J65/$J$223 -> 0.00034493558
B66: 04.02 | E66: ALVENARIAS E DIVISOES | G66: 0 | I66: =ROUND(H66*$I$12,2) -> 0 | J66: =ROUND(G66*$I66,2) -> 0 | K66: =J66/$J$223 -> 0
B67: 04.02.01 | C67: SINAPI | D67: 103319 | E67: ALVENARIA DE VEDAÇÃO DE BLOCOS VAZADOS DE CONCRETO DE 14X19X39 CM (ESPESSURA 14 CM) E ARGAMASSA DE ASSENTAMENTO COM PREPARO MANUAL. | F67: M2 | G67: 4.8 | H67: 110.47 | I67: =ROUND(H67*$I$12,2) -> 133.34 | J67: =ROUND(G67*$I67,2) -> 640.03 | K67: =J67/$J$223 -> 5.0780005e-05
G68: 0 | I68: =ROUND(H68*$I$12,2) -> 0 | J68: =ROUND(G68*$I68,2) -> 0 | K68: =J68/$J$223 -> 0
E69: SUB-TOTAL DO ITEM 04 | G69: 0 | J69: =ROUND(SUM(J62:J68),2) -> 4987.59 | K69: =J69/$J$223 -> 0.00039571558
G70: 0 | I70: =ROUND(H70*$I$12,2) -> 0 | J70: =ROUND(G70*$I70,2) -> 0 | K70: =J70/$J$223 -> 0
B71: 05 | E71: DRENAGEM (LANÇAMENTO) | G71: 0 | I71: =ROUND(H71*$I$12,2) -> 0 | J71: =ROUND(G71*$I71,2) -> 0 | K71: =J71/$J$223 -> 0
B72: 05.01 | E72: ESCAVAÇAO MECANICA DE VALAS COM DESCARGA LATERAL | G72: 0 | I72: =ROUND(H72*$I$12,2) -> 0 | J72: =ROUND(G72*$I72,2) -> 0 | K72: =J72/$J$223 -> 0
B73: 05.01.01 | C73: SINAPI | D73: 102279 | E73: ESCAVAÇÃO MECANIZADA DE VALA COM PROF. ATÉ 1,5 M (MÉDIA MONTANTE E JUSANTE/UMA COMPOSIÇÃO POR TRECHO), ESCAVADEIRA (0,8 M3),LARG. MENOR QUE 1,5 M, EM SOLO DE 1A CATEGORIA, LOCAIS COM BAIXO NÍVEL DE INTERFERÊNCIA. | F73: M3 | G73: 347.83 | H73: 7.11 | I73: =ROUND(H73*$I$12,2) -> 8.58 | J73: =ROUND(G73*$I73,2) -> 2984.38 | K73: =J73/$J$223 -> 0.00023678082
B74: 05.02 | E74: CARGA DE MATERIAL | G74: 0 | I74: =ROUND(H74*$I$12,2) -> 0 | J74: =ROUND(G74*$I74,2) -> 0 | K74: =J74/$J$223 -> 0
B75: 05.02.01 | C75: SINAPI | D75: 100978 | E75: CARGA, MANOBRA E DESCARGA DE SOLOS E MATERIAIS GRANULARES EM CAMINHÃO BASCULANTE 10 M³ - CARGA COM ESCAVADEIRA HIDRÁULICA (CAÇAMBA DE 1,20 M³ / 155 HP) E DESCARGA LIVRE (UNIDADE: M3). | F75: M3 | G75: 61.44 | H75: 7.23 | I75: =ROUND(H75*$I$12,2) -> 8.73 | J75: =ROUND(G75*$I75,2) -> 536.37 | K75: =J75/$J$223 -> 4.2555616e-05
B76: 05.03 | E76: TRANSPORTE DE MATERIAL DE QUALQUER NATUREZA | G76: 0 | I76: =ROUND(H76*$I$12,2) -> 0 | J76: =ROUND(G76*$I76,2) -> 0 | K76: =J76/$J$223 -> 0
B77: 05.03.01 | C77: SINAPI | D77: 95875 | E77: TRANSPORTE COM CAMINHÃO BASCULANTE DE 10 M³, EM VIA URBANA PAVIMENTADA, DMT ATÉ 30 KM (UNIDADE: M3XKM). | F77: M3xKM | G77: 723.17 | H77: 2.53 | I77: =ROUND(H77*$I$12,2) -> 3.05 | J77: =ROUND(G77*$I77,2) -> 2205.67 | K77: =J77/$J$223 -> 0.00017499794
B78: 05.04 | E78: REATERRO DE VALA | G78: 0 | I78: =ROUND(H78*$I$12,2) -> 0 | J78: =ROUND(G78*$I78,2) -> 0 | K78: =J78/$J$223 -> 0
B79: 05.04.01 | C79: SINAPI | D79: 104737 | E79: REATERRO MANUAL DE VALAS, COM PLACA VIBRATÓRIA. | F79: M3 | G79: 210.06 | H79: 22.63 | I79: =ROUND(H79*$I$12,2) -> 27.31 | J79: =ROUND(G79*$I79,2) -> 5736.74 | K79: =J79/$J$223 -> 0.00045515317
B80: 05.05 | E80: REDE TUBULAR DE CONCRETO | G80: 0 | I80: =ROUND(H80*$I$12,2) -> 0 | J80: =ROUND(G80*$I80,2) -> 0 | K80: =J80/$J$223 -> 0
B81: 05.05.01 | C81: SINAPI | D81: 92210 | E81: TUBO DE CONCRETO PARA REDES COLETORAS DE ÁGUAS PLUVIAIS, DIÂMETRO DE 400 MM, JUNTA RÍGIDA, INSTALADO EM LOCAL COM BAIXO NÍVEL DE INTERFERÊNCIAS - FORNECIMENTO E ASSENTAMENTO. | F81: M | G81: 203.09 | H81: 145.09 | I81: =ROUND(H81*$I$12,2) -> 175.12 | J81: =ROUND(G81*$I81,2) -> 35565.12 | K81: =J81/$J$223 -> 0.002821738
B82: 05.05.02 | C82: SINAPI | D82: 92212 | E82: TUBO DE CONCRETO PARA REDES COLETORAS DE ÁGUAS PLUVIAIS, DIÂMETRO DE 600 MM, JUNTA RÍGIDA, INSTALADO EM LOCAL COM BAIXO NÍVEL DE INTERFERÊNCIAS - FORNECIMENTO E ASSENTAMENTO. | F82: M | G82: 83.55 | H82: 268.35 | I82: =ROUND(H82*$I$12,2) -> 323.9 | J82: =ROUND(G82*$I82,2) -> 27061.85 | K82: =J82/$J$223 -> 0.0021470882
B83: 05.06 | E83: CONCRETO PARA BERÇO DE REDE TUBULAR | G83: 0 | I83: =ROUND(H83*$I$12,2) -> 0 | J83: =ROUND(G83*$I83,2) -> 0 | K83: =J83/$J$223 -> 0
B84: 05.06.01 | C84: SINAPI | D84: 96620 | E84: LASTRO DE CONCRETO MAGRO, APLICADO EM PISOS, LAJES SOBRE SOLO OU RADIERS. | F84: M3 | G84: 35.21 | H84: 839.45 | I84: =ROUND(H84*$I$12,2) -> 1013.22 | J84: =ROUND(G84*$I84,2) -> 35675.48 | K84: =J84/$J$223 -> 0.002830494
B85: 05.07 | E85: LASTRO DE BRITA | G85: 0 | I85: =ROUND(H85*$I$12,2) -> 0 | J85: =ROUND(G85*$I85,2) -> 0 | K85: =J85/$J$223 -> 0
B86: 05.07.01 | C86: SINAPI | D86: 101619 | E86: PREPARO DE FUNDO DE VALA COM LARGURA MENOR QUE 1,5 M, COM CAMADA DE BRITA, LANÇAMENTO MANUAL. | F86: M3 | G86: 4.64 | H86: 329.38 | I86: =ROUND(H86*$I$12,2) -> 397.56 | J86: =ROUND(G86*$I86,2) -> 1844.68 | K86: =J86/$J$223 -> 0.00014635698
B87: 05.08 | E87: FORMA PARA BERÇO | G87: 0 | I87: =ROUND(H87*$I$12,2) -> 0 | J87: =ROUND(G87*$I87,2) -> 0 | K87: =J87/$J$223 -> 0
B88: 05.08.01 | C88: CPU | D88: 013 | E88: FORMA PARA BERÇO EM TÁBUA DE MADEIRA SERRADA, 4 APROVEITAMENTOS - FABRICAÇÃO, MONTAGEM E DESMONTAGEM | F88: M2 | G88: 129.31 | H88: 98.72 | I88: =ROUND(H88*$I$12,2) -> 119.16 | J88: =ROUND(G88*$I88,2) -> 15408.58 | K88: =J88/$J$223 -> 0.0012225173
B89: 05.09 | E89: CAIXA PARA BOCA LOBO | G89: 0 | I89: =ROUND(H89*$I$12,2) -> 0 | J89: =ROUND(G89*$I89,2) -> 0 | K89: =J89/$J$223 -> 0
B90: 05.09.01 | C90: SINAPI | D90: 97934 | E90: CAIXA COM GRELHA DUPLA RETANGULAR, EM CONCRETO PRÉ-MOLDADO, DIMENSÕES INTERNAS: 0,5X2,2X1,0 M. (INCLUSO GRELHA, QUADRO E CANTONEIRA) | F90: UN | G90: 9 | H90: 2342.88 | I90: =ROUND(H90*$I$12,2) -> 2827.86 | J90: =ROUND(G90*$I90,2) -> 25450.74 | K90: =J90/$J$223 -> 0.0020192627
B91: 05.10 | E91: ALTEAMENTO DE CAIXA PARA BOCA DE LOBO | G91: 0 | I91: =ROUND(H91*$I$12,2) -> 0 | J91: =ROUND(G91*$I91,2) -> 0 | K91: =J91/$J$223 -> 0
B92: 05.10.01 | C92: CPU | D92: 014 | E92: ALTEAMENTO DE CAIXA PARA BOCA DE LOBO DUPLA / BLOCO DE CONCRETO | F92: M | G92: 1.5 | H92: 1547.69 | I92: =ROUND(H92*$I$12,2) -> 1868.06 | J92: =ROUND(G92*$I92,2) -> 2802.09 | K92: =J92/$J$223 -> 0.00022231793
B93: 05.11 | E93: POÇO DE VISITA TIPO A - PADRAO SUDECAP | G93: 0 | I93: =ROUND(H93*$I$12,2) -> 0 | J93: =ROUND(G93*$I93,2) -> 0 | K93: =J93/$J$223 -> 0
B94: 05.11.01 | C94: CPU | D94: 015 | E94: D= 600 MM | F94: UN | G94: 2 | H94: 2688.1 | I94: =ROUND(H94*$I$12,2) -> 3244.54 | J94: =ROUND(G94*$I94,2) -> 6489.08 | K94: =J94/$J$223 -> 0.00051484386
B95: 05.12 | E95: POÇO DE VISITA TIPO C - PADRAO SUDECAP | G95: 0 | I95: =ROUND(H95*$I$12,2) -> 0 | J95: =ROUND(G95*$I95,2) -> 0 | K95: =J95/$J$223 -> 0
B96: 05.12.01 | C96: CPU | D96: 016 | E96: D= 600 MM | F96: UN | G96: 2 | H96: 3913 | I96: =ROUND(H96*$I$12,2) -> 4722.99 | J96: =ROUND(G96*$I96,2) -> 9445.98 | K96: =J96/$J$223 -> 0.00074944442
B97: 05.13 | E97: CHAMINE DE POÇO DE VISITA | G97: 0 | I97: =ROUND(H97*$I$12,2) -> 0 | J97: =ROUND(G97*$I97,2) -> 0 | K97: =J97/$J$223 -> 0
B98: 05.13.01 | C98: SINAPI | D98: 99318 | E98: CHAMINÉ CIRCULAR PARA POÇO DE VISITA PARA DRENAGEM, EM CONCRETO PRÉ-MOLDADO, DIÂMETRO INTERNO = 0,6 M. | F98: M | G98: 4 | H98: 264.48 | I98: =ROUND(H98*$I$12,2) -> 319.23 | J98: =ROUND(G98*$I98,2) -> 1276.92 | K98: =J98/$J$223 -> 0.00010131088
B99: 05.14 | E99: TAMPAO DE POÇO DE VISITA | G99: 0 | I99: =ROUND(H99*$I$12,2) -> 0 | J99: =ROUND(G99*$I99,2) -> 0 | K99: =J99/$J$223 -> 0
B100: 05.14.01 | C100: SINAPI | D100: 98114 | E100: TAMPA CIRCULAR PARA ESGOTO E DRENAGEM, EM FERRO FUNDIDO, DIÂMETRO INTERNO = 0,6 M. | F100: UN | G100: 4 | H100: 528.46 | I100: =ROUND(H100*$I$12,2) -> 637.85 | J100: =ROUND(G100*$I100,2) -> 2551.4 | K100: =J100/$J$223 -> 0.00020242817
B101: 05.14.02 | C101: CPU | D101: 017 | E101: REBAIXAMENTO DE TAMPAO DE PV EM ATE 20 CM | F101: UN | G101: 1 | H101: 160.54 | I101: =ROUND(H101*$I$12,2) -> 193.77 | J101: =ROUND(G101*$I101,2) -> 193.77 | K101: =J101/$J$223 -> 1.5373719e-05
B102: 05.14.03 | C102: CPU | D102: 018 | E102: ALTEAMENTO DE TAMPAO DE PV EM ATE 20 CM | F102: UN | G102: 1 | H102: 257.91 | I102: =ROUND(H102*$I$12,2) -> 311.3 | J102: =ROUND(G102*$I102,2) -> 311.3 | K102: =J102/$J$223 -> 2.4698554e-05
B103: 05.15 | E103: ESCORAMENTO DESCONTINUO DE VALAS | G103: 0 | I103: =ROUND(H103*$I$12,2) -> 0 | J103: =ROUND(G103*$I103,2) -> 0 | K103: =J103/$J$223 -> 0
B104: 05.15.01 | C104: SINAPI | D104: 101576 | E104: ESCORAMENTO DE VALA, TIPO DESCONTÍNUO, COM PROFUNDIDADE DE 0 A 1,5 M, LARGURA MENOR QUE 1,5 M. | F104: M2 | G104: 319.5 | H104: 50.09 | I104: =ROUND(H104*$I$12,2) -> 60.46 | J104: =ROUND(G104*$I104,2) -> 19316.97 | K104: =J104/$J$223 -> 0.0015326091
...

Sheet PLANILHA ORÇAMENTO (em branco)
B2: PLANILHA ORÇAMENTÁRIA
B3: CÓD. OBRA: | C3: 066 | D3: OBJETO: EXECUÇÃO DE REMANESCENTE DE OBRAS DE CONTENÇÃO DE ENCOSTAS EM 07 ÁREAS DE RISCO, NO MUNICÍPIO DE BETIM-MG. ÁREAS PREVISTAS NO TERMO DE COMPROMISSO N.º 0.398.478-71 .
B4: REFERÊNCIA: | C4: TABELA SINAPI SEM DESONERAÇÃO - BASE JULHO DE 2025
B5: REFERÊNCIA: | C5: TABELA SUDECAP ONERADA - BASE ABRIL DE 2025
B6: REFERÊNCIA: | C6: TABELA SICOR-MG SEM DESONERAÇÃO - BASE ABRIL DE 2025
B7: REFERÊNCIA: | C7: TABELA DNIT SEM DESONERAÇÃO - BASE ABRIL DE 2025 (REVISADO) | H7: BDI SERVIÇOS
B8: DATA BASE DO ORÇAMENTO: JULHO DE 2025
B10: ITEM | C10: REFERÊNCIA | D10: CÓDIGO | E10: DESCRIÇÃO | F10: UNIDADE | G10: QUANT. TOTAL | H10: PREÇO UNITÁRIO (SEM BDI) | I10: PREÇO UNITÁRIO (COM BDI) | J10: PREÇO TOTAL (COM BDI) | K10: % PESO
H12: BDI SERVIÇOS
B14: 01 | E14: INSTALAÇAO DA OBRA E ADMINISTRAÇÃO LOCAL
B15: 01.01 | E15: PLACA DE OBRA
B16: 01.01.01 | C16: SINAPI | D16: 103689 | E16: FORNECIMENTO E INSTALAÇÃO DE PLACA DE OBRA COM CHAPA GALVANIZADA E ESTRUTURA DE MADEIRA. | F16: M2 | G16: 42
B17: 01.02 | E17: INSTALAÇAO PROVISORIA - CONCESSIONARIA | G17: 0
B18: 01.02.01 | C18: CPU | D18: 001 | E18: LIGAÇÃO PROVISÓRIA COM ENTRADA DE ENERGIA AÉREA, PADRÃO CEMIG, CARGA INSTALADA DE 15,1KVA ATÉ 30KVA, TRIFÁSICO, COM SAÍDA SUBTERRÂNEA, INCLUSIVE POSTE, CAIXA PARA MEDIDOR, DISJUNTOR, BARRAMENTO, ATERRAMENTO E ACESSÓRIOS | F18: UN | G18: 5
B19: 01.02.02 | C19: SINAPI | D19: 95635 | E19: KIT CAVALETE PARA MEDIÇÃO DE ÁGUA - ENTRADA PRINCIPAL, EM PVC DN 25 MM (3/4") - FORNECIMENTO E INSTALAÇÃO (EXCLUSIVE HIDRÔMETRO). | F19: UN | G19: 5
B20: 01.02.03 | C20: SINAPI | D20: 95675 | E20: HIDRÔMETRO DN 3/4", 5,0 M3/H - FORNECIMENTO E INSTALAÇÃO. | F20: UN | G20: 5
B21: 01.03 | E21: CONTAINER | G21: 0
B22: 01.03.01 | C22: CPU | D22: 002 | E22: MOBILIZAÇÃO DE CONTAINER | F22: UN | G22: 21
B23: 01.03.02 | C23: CPU | D23: 003 | E23: DESMOBILIZAÇÃO DE CONTAINER | F23: UN | G23: 21
B24: 01.03.03 | C24: SINAPI | D24: 10776 | E24: LOCACAO DE CONTAINER 2,30 X 6,00 M, ALT. 2,50 M, PARA ESCRITORIO, SEM DIVISORIAS INTERNAS E SEM SANITARIO (NAO INCLUI MOBILIZACAO/DESMOBILIZACAO) | F24: MES | G24: 20
B25: 01.03.04 | C25: SINAPI | D25: 10777 | E25: LOCACAO DE CONTAINER 2,30 X 4,30 M, ALT. 2,50 M, PARA SANITARIO, COM 3 BACIAS, 4 CHUVEIROS, 1 LAVATORIO E 1 MICTORIO (NAO INCLUI MOBILIZACAO/DESMOBILIZACAO) | F25: MES | G25: 20
B26: 01.03.05 | C26: CPU | D26: 004 | E26: LOCAÇÃO DE CONTAINER COM ISOLAMENTO TÉRMICO, TIPO 4, PARA REFEITÓRIO DE OBRA, COM MEDIDAS REFERENCIAIS DE (6) METROS COMPRIMENTO, (2,3) METROS LARGURA E (2,5) METROS ALTURA ÚTIL INTERNA, INCLUSIVE LIGAÇÕES ELÉTRICAS INTERNAS, EXCLUSIVE MOBILIZAÇÃO/DESMOBILIZAÇÃO E LIGAÇÕES PROVISÓRIAS EXTERNAS | F26: MES | G26: 20
B27: 01.03.06 | C27: CPU | D27: 005 | E27: LOCAÇÃO DE CONTAINER COM ISOLAMENTO TÉRMICO, TIPO 3, PARA DEPÓSITO/FERRAMENTARIA DE OBRA, COM MEDIDAS REFERENCIAIS DE (6) METROS COMPRIMENTO, (2,3) METROS LARGURA E (2,5) METROS ALTURA ÚTIL INTERNA, INCLUSIVE LIGAÇÕES ELÉTRICAS INTERNAS, EXCLUSIVE MOBILIZAÇÃO/DESMOBILIZAÇÃO E LIGAÇÕES PROVISÓRIAS EXTERNAS | F27: MES | G27: 23
B28: 01.04 | E28: BANHEIRO QUIMICO | G28: 0
B29: 01.04.01 | C29: CPU | D29: 006 | E29: LOCAÇÃO DE BANHEIRO QUÍMICO, DIMENSÃO (110X120X230)CM, LINHA PADRÃO, CONTENDO UMA (1) PIA/HIGIENIZADOR DE MÃOS, INCLUSIVE MANUTENÇÃO E MOBILIZAÇÃO/DESMOBILIZAÇÃO | F29: MES | G29: 24
B30: 01.05 | E30: TAPUME | G30: 0
B31: 01.05.01 | C31: SINAPI | D31: 98458 | E31: TAPUME COM COMPENSADO DE MADEIRA. | F31: M2 | G31: 122.32
B32: 01.06 | E32: ADMINISTRACAO LOCAL DA OBRA | G32: 0
B33: 01.06.01 | C33: ANEXO | D33: PL | E33: ADMINISTRACAO LOCAL - (conforme planilha em anexo) | F33: UN | G33: 1
G34: 0
E35: SUB-TOTAL DO ITEM 01 | G35: 0
G36: 0
B37: 02 | E37: DEMOLIÇÕES | G37: 0
B38: 02.01 | C38: SINAPI | D38: 104790 | E38: DEMOLIÇÃO DE PISO DE CONCRETO SIMPLES, DE FORMA MECANIZADA COM MARTELETE, SEM REAPROVEITAMENTO. | F38: M3 | G38: 116.76
B39: 02.02 | C39: CPU | D39: 007 | E39: DEMOLIÇÃO EM CONCRETO ARMADO, DE FORMA MANUAL, SEM REAPROVEITAMENTO. | F39: M3 | G39: 2.88
B40: 02.03 | C40: CPU | D40: 008 | E40: DEMOLIÇÃO DE REVESTIMENTO ASFÁLTICO, COM EQUIPAMENTO PNEUMÁTICO, EXCLUSIVE TRANSPORTE E RETIRADA DO MATERIAL DEMOLIDO | F40: M3 | G40: 29.46
B41: 02.04 | E41: CARGA DE MATERIAL DE QQUER NATUREZA SOBRE CAMINHAO | G41: 0
B42: 02.04.01 | C42: CPU | D42: 009 | E42: CARGA MANUAL DE MATERIAL DE QUALQUER NATUREZA SOBRE CAMINHÃO, EXCLUSIVE TRANSPORTE | F42: M3 | G42: 56.55
B43: 02.04.02 | C43: SINAPI | D43: 100982 | E43: CARGA, MANOBRA E DESCARGA DE ENTULHO EM CAMINHÃO BASCULANTE 10 M³ - CARGA COM ESCAVADEIRA HIDRÁULICA (CAÇAMBA DE 0,80 M³ / 111 HP) E DESCARGA LIVRE (UNIDADE: M3) | F43: M3 | G43: 13.73
B44: 02.05 | E44: TRANSPORTE DE MATERIAL DEMOLIDO EM CAMINHAO | G44: 0
B45: 02.05.01 | C45: SINAPI | D45: 95875 | E45: TRANSPORTE COM CAMINHÃO BASCULANTE DE 10 M³, EM VIA URBANA PAVIMENTADA, DMT ATÉ 30 KM (UNIDADE: M3XKM). | F45: M3xKM | G45: 1098.45
G46: 0
E47: SUB-TOTAL DO ITEM 02 | G47: 0
G48: 0
B49: 03 | E49: LIMPEZA DO TERRENO | G49: 0
B50: 03.01 | E50: DESMATAMENTO, DESTOCAMENTO E LIMPEZA DO TERRENO | G50: 0
B51: 03.01.01 | C51: SINAPI | D51: 98524 | E51: LIMPEZA MANUAL DE VEGETAÇÃO EM TERRENO COM ENXADA. | F51: M2 | G51: 38314.55
B52: 03.01.02 | C52: SINAPI | D52: 98525 | E52: LIMPEZA MECANIZADA DE CAMADA VEGETAL, VEGETAÇÃO E PEQUENAS ÁRVORES (DIÂMETRO DE TRONCO MENOR QUE 0,20 M), COM TRATOR DE ESTEIRAS. | F52: M2 | G52: 3320.47
B53: 03.02 | E53: CARGA DE MATERIAL DE QQUER NATUREZA SOBRE CAMINHAO | G53: 0
B54: 03.02.01 | C54: SINAPI | D54: 100978 | E54: CARGA, MANOBRA E DESCARGA DE SOLOS E MATERIAIS GRANULARES EM CAMINHÃO BASCULANTE 10 M³ - CARGA COM ESCAVADEIRA HIDRÁULICA (CAÇAMBA DE 1,20 M³ / 155 HP) E DESCARGA LIVRE (UNIDADE: M3). | F54: M3 | G54: 9974.17
B55: 03.02.02 | C55: CPU | D55: 009 | E55: CARGA MANUAL DE MATERIAL DE QUALQUER NATUREZA SOBRE CAMINHÃO, EXCLUSIVE TRANSPORTE | F55: M3 | G55: 176.75
B56: 03.03 | E56: TRANSPORTE DE MATERIAL DE QUALQUER NATUREZA | G56: 0
B57: 03.03.01 | C57: SINAPI | D57: 95875 | E57: TRANSPORTE COM CAMINHÃO BASCULANTE DE 10 M³, EM VIA URBANA PAVIMENTADA, DMT ATÉ 30 KM (UNIDADE: M3XKM). | F57: M3KM | G57: 67068.4
B58: 03.03.02 | C58: CPU | D58: 010 | E58: TRANSPORTE DE MATERIAL DE QUALQUER NATUREZA COM CARRINHO DE MÃO, COM DISTÂNCIAS MENORES OU IGUAIS A 50M, INCLUSIVE CARGA/DESCARGA | F58: M3 | G58: 101.52
B59: 03.03.03 | C59: CPU | D59: 011 | E59: TRANSPORTE DE MATERIAL DE QUALQUER NATUREZA COM CARRINHO DE MÃO, COM DISTÂNCIAS MAIORES QUE 50M E MENORES OU IGUAIS A 100M, INCLUSIVE CARGA/DESGARGA | F59: M3 | G59: 75.23
G60: 0
E61: SUB-TOTAL DO ITEM 03 | G61: 0
G62: 0
B63: 04 | E63: VIABILIZAÇÃO DAS OBRAS | G63: 0
B64: 04.01 | E64: FUNDAÇÃO | G64: 0
B65: 04.01.01 | C65: CPU | D65: 012 | E65: BALDRAME DE ALVENARIA DE BLOCO DE CONCRETO(SAPATA) E= 15 CM PREENCHIDO COM CONCRETO (20MPA) | F65: M2 | G65: 17.4
B66: 04.02 | E66: ALVENARIAS E DIVISOES | G66: 0
B67: 04.02.01 | C67: SINAPI | D67: 103319 | E67: ALVENARIA DE VEDAÇÃO DE BLOCOS VAZADOS DE CONCRETO DE 14X19X39 CM (ESPESSURA 14 CM) E ARGAMASSA DE ASSENTAMENTO COM PREPARO MANUAL. | F67: M2 | G67: 4.8
G68: 0
E69: SUB-TOTAL DO ITEM 04 | G69: 0
G70: 0
B71: 05 | E71: DRENAGEM (LANÇAMENTO) | G71: 0
B72: 05.01 | E72: ESCAVAÇAO MECANICA DE VALAS COM DESCARGA LATERAL | G72: 0
B73: 05.01.01 | C73: SINAPI | D73: 102279 | E73: ESCAVAÇÃO MECANIZADA DE VALA COM PROF. ATÉ 1,5 M (MÉDIA MONTANTE E JUSANTE/UMA COMPOSIÇÃO POR TRECHO), ESCAVADEIRA (0,8 M3),LARG. MENOR QUE 1,5 M, EM SOLO DE 1A CATEGORIA, LOCAIS COM BAIXO NÍVEL DE INTERFERÊNCIA. | F73: M3 | G73: 347.83
B74: 05.02 | E74: CARGA DE MATERIAL | G74: 0
B75: 05.02.01 | C75: SINAPI | D75: 100978 | E75: CARGA, MANOBRA E DESCARGA DE SOLOS E MATERIAIS GRANULARES EM CAMINHÃO BASCULANTE 10 M³ - CARGA COM ESCAVADEIRA HIDRÁULICA (CAÇAMBA DE 1,20 M³ / 155 HP) E DESCARGA LIVRE (UNIDADE: M3). | F75: M3 | G75: 61.44
B76: 05.03 | E76: TRANSPORTE DE MATERIAL DE QUALQUER NATUREZA | G76: 0
B77: 05.03.01 | C77: SINAPI | D77: 95875 | E77: TRANSPORTE COM CAMINHÃO BASCULANTE DE 10 M³, EM VIA URBANA PAVIMENTADA, DMT ATÉ 30 KM (UNIDADE: M3XKM). | F77: M3xKM | G77: 723.17
B78: 05.04 | E78: REATERRO DE VALA | G78: 0
B79: 05.04.01 | C79: SINAPI | D79: 104737 | E79: REATERRO MANUAL DE VALAS, COM PLACA VIBRATÓRIA. | F79: M3 | G79: 210.06
B80: 05.05 | E80: REDE TUBULAR DE CONCRETO | G80: 0
B81: 05.05.01 | C81: SINAPI | D81: 92210 | E81: TUBO DE CONCRETO PARA REDES COLETORAS DE ÁGUAS PLUVIAIS, DIÂMETRO DE 400 MM, JUNTA RÍGIDA, INSTALADO EM LOCAL COM BAIXO NÍVEL DE INTERFERÊNCIAS - FORNECIMENTO E ASSENTAMENTO. | F81: M | G81: 203.09
B82: 05.05.02 | C82: SINAPI | D82: 92212 | E82: TUBO DE CONCRETO PARA REDES COLETORAS DE ÁGUAS PLUVIAIS, DIÂMETRO DE 600 MM, JUNTA RÍGIDA, INSTALADO EM LOCAL COM BAIXO NÍVEL DE INTERFERÊNCIAS - FORNECIMENTO E ASSENTAMENTO. | F82: M | G82: 83.55
B83: 05.06 | E83: CONCRETO PARA BERÇO DE REDE TUBULAR | G83: 0
B84: 05.06.01 | C84: SINAPI | D84: 96620 | E84: LASTRO DE CONCRETO MAGRO, APLICADO EM PISOS, LAJES SOBRE SOLO OU RADIERS. | F84: M3 | G84: 35.21
B85: 05.07 | E85: LASTRO DE BRITA | G85: 0
B86: 05.07.01 | C86: SINAPI | D86: 101619 | E86: PREPARO DE FUNDO DE VALA COM LARGURA MENOR QUE 1,5 M, COM CAMADA DE BRITA, LANÇAMENTO MANUAL. | F86: M3 | G86: 4.64
B87: 05.08 | E87: FORMA PARA BERÇO | G87: 0
B88: 05.08.01 | C88: CPU | D88: 013 | E88: FORMA PARA BERÇO EM TÁBUA DE MADEIRA SERRADA, 4 APROVEITAMENTOS - FABRICAÇÃO, MONTAGEM E DESMONTAGEM | F88: M2 | G88: 129.31
B89: 05.09 | E89: CAIXA PARA BOCA LOBO | G89: 0
B90: 05.09.01 | C90: SINAPI | D90: 97934 | E90: CAIXA COM GRELHA DUPLA RETANGULAR, EM CONCRETO PRÉ-MOLDADO, DIMENSÕES INTERNAS: 0,5X2,2X1,0 M. (INCLUSO GRELHA, QUADRO E CANTONEIRA) | F90: UN | G90: 9
B91: 05.10 | E91: ALTEAMENTO DE CAIXA PARA BOCA DE LOBO | G91: 0
B92: 05.10.01 | C92: CPU | D92: 014 | E92: ALTEAMENTO DE CAIXA PARA BOCA DE LOBO DUPLA / BLOCO DE CONCRETO | F92: M | G92: 1.5
B93: 05.11 | E93: POÇO DE VISITA TIPO A - PADRAO SUDECAP | G93: 0
B94: 05.11.01 | C94: CPU | D94: 015 | E94: D= 600 MM | F94: UN | G94: 2
B95: 05.12 | E95: POÇO DE VISITA TIPO C - PADRAO SUDECAP | G95: 0
B96: 05.12.01 | C96: CPU | D96: 016 | E96: D= 600 MM | F96: UN | G96: 2
B97: 05.13 | E97: CHAMINE DE POÇO DE VISITA | G97: 0
B98: 05.13.01 | C98: SINAPI | D98: 99318 | E98: CHAMINÉ CIRCULAR PARA POÇO DE VISITA PARA DRENAGEM, EM CONCRETO PRÉ-MOLDADO, DIÂMETRO INTERNO = 0,6 M. | F98: M | G98: 4
B99: 05.14 | E99: TAMPAO DE POÇO DE VISITA | G99: 0
B100: 05.14.01 | C100: SINAPI | D100: 98114 | E100: TAMPA CIRCULAR PARA ESGOTO E DRENAGEM, EM FERRO FUNDIDO, DIÂMETRO INTERNO = 0,6 M. | F100: UN | G100: 4
B101: 05.14.02 | C101: CPU | D101: 017 | E101: REBAIXAMENTO DE TAMPAO DE PV EM ATE 20 CM | F101: UN | G101: 1
B102: 05.14.03 | C102: CPU | D102: 018 | E102: ALTEAMENTO DE TAMPAO DE PV EM ATE 20 CM | F102: UN | G102: 1
B103: 05.15 | E103: ESCORAMENTO DESCONTINUO DE VALAS | G103: 0
B104: 05.15.01 | C104: SINAPI | D104: 101576 | E104: ESCORAMENTO DE VALA, TIPO DESCONTÍNUO, COM PROFUNDIDADE DE 0 A 1,5 M, LARGURA MENOR QUE 1,5 M. | F104: M2 | G104: 319.5
...

Sheet PLAN ADM
B3: PLANILHA ADMINISTRAÇÃO LOCAL
B4: CÓD. OBRA: 066 | C4: OBJETO: EXECUÇÃO DE REMANESCENTE DE OBRAS DE CONTENÇÃO DE ENCOSTAS EM 07 ÁREAS DE RISCO, NO MUNICÍPIO DE BETIM-MG. ÁREAS PREVISTAS NO TERMO DE COMPROMISSO N.º 0.398.478-71 .
B5: REFERÊNCIA: | C5: TABELA SINAPI SEM DESONERAÇÃO - BASE JULHO DE 2025
B6: REFERÊNCIA: | C6: TABELA SUDECAP ONERADA - BASE ABRIL DE 2025
B7: REFERÊNCIA: | C7: TABELA SICOR-MG SEM DESONERAÇÃO - BASE ABRIL DE 2025
B8: REFERÊNCIA: | C8: TABELA DNIT SEM DESONERAÇÃO - BASE ABRIL DE 2025 (REVISADO)
B9: DATA BASE DO ORÇAMENTO: JULHO DE 2025
B11: ITEM | C11: REF. | D11: CÓDIGO | E11: DESCRIÇÃO | F11: UNID. | G11: QUANT. | H11: PREÇO UNITÁRIO (SEM BDI) | I11: PREÇO TOTAL (SEM BDI)
B15: 01.06 | E15: ADMINISTRACAO LOCAL DA OBRA
B16: 01.06.01 | C16: SINAPI | D16: 90778 | E16: ENGENHEIRO CIVIL DE OBRA PLENO COM ENCARGOS COMPLEMENTARES | F16: H | G16: =22*12*6 -> 1584 | H16: 135.75 | I16: =ROUND(G16*H16,2) -> 215028
B17: 01.06.02 | C17: SINAPI | D17: 93572 | E17: ENCARREGADO GERAL DE OBRAS COM ENCARGOS COMPLEMENTARES | F17: MÊS | G17: 12 | H17: 11968.97 | I17: =ROUND(G17*H17,2) -> 143627.64
B18: 01.06.03 | C18: SINAPI | D18: 100321 | E18: TÉCNICO EM SEGURANÇA DO TRABALHO COM ENCARGOS COMPLEMENTARES | F18: MÊS | G18: 12 | H18: 7515.77 | I18: =ROUND(G18*H18,2) -> 90189.24
B19: 01.06.04 | C19: SINAPI | D19: 90781 | E19: TOPOGRAFO COM ENCARGOS COMPLEMENTARES | F19: H | G19: 144 | H19: 47.65 | I19: =ROUND(G19*H19,2) -> 6861.6
B20: 01.06.05 | C20: SINAPI | D20: 88253 | E20: AUXILIAR DE TOPÓGRAFO COM ENCARGOS COMPLEMENTARES | F20: H | G20: 144 | H20: 22.68 | I20: =ROUND(G20*H20,2) -> 3265.92
B21: 01.06.06 | C21: SUDECAP | D21: 45.01.03 | E21: LOCAÇÃO VEICULO TIPO PICAPE LEVE C/ SEGURO SEM COMBUSTÍVEL | F21: MÊS | G21: 12 | H21: 3924.48 | I21: =ROUND(G21*H21,2) -> 47093.76
B22: 01.06.07 | C22: SINAPI | D22: 4222 | E22: GASOLINA COMUM - (CONSIDERADO 200 LITROS MÊS) | F22: L | G22: =ROUND(G21*200,2) -> 2400 | H22: 6.17 | I22: =ROUND(G22*H22,2) -> 14808
E24: TOTAL DO ITEM 01.06 | I24: =SUM(I16:I23) -> 520874.16

Sheet PLAN ADM (em branco)
B3: PLANILHA ADMINISTRAÇÃO LOCAL
B4: CÓD. OBRA: 066 | C4: OBJETO: EXECUÇÃO DE REMANESCENTE DE OBRAS DE CONTENÇÃO DE ENCOSTAS EM 07 ÁREAS DE RISCO, NO MUNICÍPIO DE BETIM-MG. ÁREAS PREVISTAS NO TERMO DE COMPROMISSO N.º 0.398.478-71 .
B5: REFERÊNCIA: | C5: TABELA SINAPI SEM DESONERAÇÃO - BASE JULHO DE 2025
B6: REFERÊNCIA: | C6: TABELA SUDECAP ONERADA - BASE ABRIL DE 2025
B7: REFERÊNCIA: | C7: TABELA SICOR-MG SEM DESONERAÇÃO - BASE ABRIL DE 2025
B8: REFERÊNCIA: | C8: TABELA DNIT SEM DESONERAÇÃO - BASE ABRIL DE 2025 (REVISADO)
B9: DATA BASE DO ORÇAMENTO: JULHO DE 2025
B11: ITEM | C11: REF. | D11: CÓDIGO | E11: DESCRIÇÃO | F11: UNID. | G11: QUANT. | H11: PREÇO UNITÁRIO (SEM BDI) | I11: PREÇO TOTAL (SEM BDI)
B15: 01.06 | E15: ADMINISTRACAO LOCAL DA OBRA
B16: 01.06.01 | C16: SINAPI | D16: 90778 | E16: ENGENHEIRO CIVIL DE OBRA PLENO COM ENCARGOS COMPLEMENTARES | F16: H | G16: =22*12*6 -> 1584
B17: 01.06.02 | C17: SINAPI | D17: 93572 | E17: ENCARREGADO GERAL DE OBRAS COM ENCARGOS COMPLEMENTARES | F17: MÊS | G17: 12
B18: 01.06.03 | C18: SINAPI | D18: 100321 | E18: TÉCNICO EM SEGURANÇA DO TRABALHO COM ENCARGOS COMPLEMENTARES | F18: MÊS | G18: 12
B19: 01.06.04 | C19: SINAPI | D19: 90781 | E19: TOPOGRAFO COM ENCARGOS COMPLEMENTARES | F19: H | G19: 144
B20: 01.06.05 | C20: SINAPI | D20: 88253 | E20: AUXILIAR DE TOPÓGRAFO COM ENCARGOS COMPLEMENTARES | F20: H | G20: 144
B21: 01.06.06 | C21: SUDECAP | D21: 45.01.03 | E21: LOCAÇÃO VEICULO TIPO PICAPE LEVE C/ SEGURO SEM COMBUSTÍVEL | F21: MÊS | G21: 12
B22: 01.06.07 | C22: SINAPI | D22: 4222 | E22: GASOLINA COMUM - (CONSIDERADO 200 LITROS MÊS) | F22: L | G22: =ROUND(G21*200,2) -> 2400
E24: TOTAL DO ITEM 01.06

Sheet BDI TCU 2622 -URBANAS 
B2: CALCULO DO BDI RODOVIAS , FERROVIAS E CONGENERES
B3: Acórdão 2622/2013
B4: CÓD. OBRA: 066 | C4: OBJETO: EXECUÇÃO DE REMANESCENTE DE OBRAS DE CONTENÇÃO DE ENCOSTAS EM 07 ÁREAS DE RISCO, NO MUNICÍPIO DE BETIM-MG. ÁREAS PREVISTAS NO TERMO DE COMPROMISSO N.º 0.398.478-71 .
B6: Parâmetros para cálculo do BDI
B7: Itens Admissíveis | C7: Intervalos admissíveis sem justificativa | I7: Índices adotados (Quartil médio)
B9: Administração Central (AC) | C9: De | D9: 0.038 | F9: até | G9: 0.0467 | I9: Administração Central (AC) | J9: 0.0401
B10: Seguro e Garantia (S+G) | C10: De | D10: 0.0032 | F10: até | G10: 0.0074 | I10: Seguro e Garantia (S+G) | J10: 0.004
B11: Risco (R) | C11: De | D11: 0.005 | F11: até | G11: 0.0097 | I11: Risco (R) | J11: 0.0056
B12: Despesas financeiras (DF) | C12: De | D12: 0.0102 | F12: até | G12: 0.0121 | I12: Despesas financeiras (DF) | J12: 0.0111
B13: Lucro (L) | C13: De | D13: 0.0664 | F13: até | G13: 0.0869 | I13: Lucro (L) | J13: 0.073
B14: Tributos (T) | C14: De | D14: 0.0565 | F14: até | G14: 0.0865 | I14: Tributos (T) | J14: =C26 -> 0.0565
B15: INSS desoneração (E) | D15: 0 | F15: ou | G15: 0.045 | I15: INSS desoneração (E) | J15: 0
B16: Controle
B17: Administração Central (AC) | C17: =IF(J9>G9,"Incidência maior que a permitida",IF(J9<D9,"Incidência menor que a permitida","ok")) -> ok
B18: Seguro e Garantia (S+G) | C18: =IF(J10>G10,"Incidência maior que a permitida",IF(J10<0,"Incidência menor que a permitida","ok")) -> ok
B19: Risco (R) | C19: =IF(J11>G11,"Incidência maior que a permitida",IF(J11<0,"Incidência menor que a permitida","ok")) -> ok
B20: Despesas financeiras (DF) | C20: =IF(J12>G12,"Incidência maior que a permitida",IF(J12<D12,"Incidência menor que a permitida","ok")) -> ok
B21: Lucro (L) | C21: =IF(J13>G13,"Incidência maior que a permitida",IF(J13<D13,"Incidência menor que a permitida","ok")) -> ok
B22: Tributos (T) | C22: =IF(J14>G14,"Incidência maior que a permitida",IF(J14<D14,"Incidência menor que a permitida","ok")) -> ok
B23: INSS desoneração (E) | C23: =IF(J15=D15,"ok",IF(J15=G15,"ok","Incidência não permitida")) -> ok
B24: BDI CALCULADO ----> | C24: BDI = (1+AC+S+R+G)*(1+DF)*(1+L)/(1-(T+E)) | J24: =ROUND(((1+J9+J10+J11)*(1+J12)*(1+J13)/(1-(J14+J15))-1),4) -> 0.207
B26: TRIBUTOS: | C26: =SUM(C27:D29) -> 0.0565
B27: PIS | C27: 0.0065
B28: COFINS | C28: 0.03
B29: ISS | C29: 0.02 | E29: (Lei Municipal nº 2518 – 21/12/1994) - (Art. 6º - XXIV)

Sheet CRON-GERAL
D2: CRONOGRAMA FÍSICO - FINANCEIRO
C3: CÓD. OBRA: 066 | D3: OBJETO: EXECUÇÃO DE REMANESCENTE DE OBRAS DE CONTENÇÃO DE ENCOSTAS EM 07 ÁREAS DE RISCO, NO MUNICÍPIO DE BETIM-MG. ÁREAS PREVISTAS NO TERMO DE COMPROMISSO N.º 0.398.478-71 .
B5: Item | C5: Descricao | D5: Pr. Total | E5: PART. % | F5: MÊS 01 | G5: MÊS 02 | H5: MÊS 03 | I5: MÊS 04 | J5: MÊS 05 | K5: MÊS 06 | L5: MÊS 07 | M5: MÊS 08 | N5: MÊS 09 | O5: MÊS 10 | P5: MÊS 11 | Q5: MÊS 12 | R5: % total
B7: ='PLANILHA ORÇAMENTO'!B14 -> 01 | C7: ='PLANILHA ORÇAMENTO'!E14 -> INSTALAÇAO DA OBRA E ADMINISTRAÇÃO LOCAL | D7: ='PLANILHA ORÇAMENTO'!J35 -> 857918.22 | E7: =D7/D34 -> 0.068067265 | F7: 0.058 | G7: 0.0947 | H7: 0.0876 | I7: 0.0747 | J7: 0.102 | K7: 0.1005 | L7: 0.1048 | M7: 0.096 | N7: 0.0921 | O7: 0.0827 | P7: 0.0581 | Q7: 0.0488 | R7: =SUM(F7:Q7) -> 1
F8: =$D$7*F7 -> 49759.257 | G8: =$D$7*G7 -> 81244.855 | H8: =$D$7*H7 -> 75153.636 | I8: =$D$7*I7 -> 64086.491 | J8: =$D$7*J7 -> 87507.658 | K8: =$D$7*K7 -> 86220.781 | L8: =$D$7*L7 -> 89909.829 | M8: =$D$7*M7 -> 82360.149 | ... Q8: =$D$7*Q7 -> 41866.409 | R8: =SUM(F8:Q8) -> 857918.22 | S8: =D7-R8 -> 0
S9: =D8-R9 -> 0
B10: ='PLANILHA ORÇAMENTO'!B37 -> 02 | C10: ='PLANILHA ORÇAMENTO'!E37 -> DEMOLIÇÕES | D10: ='PLANILHA ORÇAMENTO'!J47 -> 29916.15 | E10: =D10/D34 -> 0.0023735485 | G10: 0.0446 | H10: 0 | I10: 0 | J10: 0.5653 | K10: 0.2605 | L10: 0.1296 | R10: =SUM(F10:Q10) -> 1
G11: =$D$10*G10 -> 1334.2603 | H11: 0 | I11: 0 | J11: =$D$10*J10 -> 16911.6 | K11: =$D$10*K10 -> 7793.1571 | L11: =$D$10*L10 -> 3877.133 | R11: =SUM(F11:Q11) -> 29916.15 | S11: =D10-R11 -> 0
S12: =D11-R12 -> 0
B13: ='PLANILHA ORÇAMENTO'!B49 -> 03 | C13: ='PLANILHA ORÇAMENTO'!E49 -> LIMPEZA DO TERRENO | D13: ='PLANILHA ORÇAMENTO'!J61 -> 534494.38 | E13: =D13/D34 -> 0.042406805 | F13: 0.0196 | G13: 0.0623 | J13: 0.6422 | K13: 0.2065 | L13: 0 | M13: 0 | N13: 0.0263 | O13: 0.0431 | R13: =SUM(F13:Q13) -> 1
F14: =$D$13*F13 -> 10476.09 | G14: =$D$13*G13 -> 33299 | J14: =$D$13*J13 -> 343252.29 | K14: =$D$13*K13 -> 110373.09 | L14: 0 | M14: 0 | N14: =$D$13*N13 -> 14057.202 | O14: =$D$13*O13 -> 23036.708 | R14: =SUM(F14:Q14) -> 534494.38 | S14: =D13-R14 -> 0
S15: =D14-R15 -> 0
B16: ='PLANILHA ORÇAMENTO'!B63 -> 04 | C16: ='PLANILHA ORÇAMENTO'!E63 -> VIABILIZAÇÃO DAS OBRAS | D16: ='PLANILHA ORÇAMENTO'!J69 -> 4987.59 | E16: =D16/D34 -> 0.00039571558 | O16: 1 | R16: =SUM(F16:Q16) -> 1
O17: =$D$16*O16 -> 4987.59 | R17: =SUM(F17:Q17) -> 4987.59 | S17: =D16-R17 -> 0
S18: =D17-R18 -> 0
B19: ='PLANILHA ORÇAMENTO'!B71 -> 05 | C19: ='PLANILHA ORÇAMENTO'!E71 -> DRENAGEM (LANÇAMENTO) | D19: ='PLANILHA ORÇAMENTO'!J129 -> 2328681.4 | E19: =D19/D34 -> 0.18475767 | F19: 0.0223 | G19: 0.0557 | H19: 0.0781 | I19: 0.0297 | J19: 0.1021 | K19: 0.2082 | L19: 0.2055 | M19: 0.1357 | N19: 0.0451 | O19: 0.0631 | P19: 0.0416 | Q19: 0.0129 | R19: =SUM(F19:Q19) -> 1
F20: =$D$19*F19 -> 51929.594 | G20: =$D$19*G19 -> 129707.55 | H20: =$D$19*H19 -> 181870.01 | I20: =$D$19*I19 -> 69161.836 | J20: =$D$19*J19 -> 237758.37 | K20: =$D$19*K19 -> 484831.46 | L20: =$D$19*L19 -> 478544.02 | M20: =$D$19*M19 -> 316002.06 | ... Q20: =$D$19*Q19 -> 30039.99 | R20: =SUM(F20:Q20) -> 2328681.4 | S20: =D19-R20 -> 0
S21: =D20-R21 -> 0
B22: ='PLANILHA ORÇAMENTO'!B131 -> 06 | C22: ='PLANILHA ORÇAMENTO'!E131 -> URBANIZAÇAO E OBRAS COMPLEMENTARES | D22: ='PLANILHA ORÇAMENTO'!J152 -> 456563.31 | E22: =D22/D34 -> 0.036223751 | F22: 0.2034 | G22: 0.0694 | H22: 0.2082 | I22: 0.4164 | J22: 0 | K22: 0 | L22: 0 | M22: 0.0084 | N22: 0.076 | O22: 0 | P22: 0.0045 | Q22: 0.0137 | R22: =SUM(F22:Q22) -> 1
F23: =$D$22*F22 -> 92864.977 | G23: =$D$22*G22 -> 31685.494 | H23: =$D$22*H22 -> 95056.481 | I23: =$D$22*I22 -> 190112.96 | J23: 0 | K23: 0 | L23: 0 | M23: =$D$22*M22 -> 3835.1318 | N23: =$D$22*N22 -> 34698.812 | O23: 0 | P23: =$D$22*P22 -> 2054.5349 | Q23: =$D$22*Q22 -> 6254.9173 | R23: =SUM(F23:Q23) -> 456563.31 | S23: =D22-R23 -> 0
S24: =D23-R24 -> 0
B25: ='PLANILHA ORÇAMENTO'!B154 -> 07 | C25: ='PLANILHA ORÇAMENTO'!E154 -> REDE DE ESGOTO | D25: ='PLANILHA ORÇAMENTO'!J186 -> 547453.19 | E25: =D25/D34 -> 0.043434957 | G25: 0.198 | H25: 0.1584 | I25: 0.0396 | J25: 0.0058 | K25: 0.1381 | L25: 0.2904 | M25: 0.1697 | R25: =SUM(F25:Q25) -> 1
G26: =$D$25*G25 -> 108395.73 | H26: =$D$25*H25 -> 86716.585 | I26: =$D$25*I25 -> 21679.146 | J26: =$D$25*J25 -> 3175.2285 | K26: =$D$25*K25 -> 75603.286 | L26: =$D$25*L25 -> 158980.41 | M26: =$D$25*M25 -> 92902.806 | R26: =SUM(F26:Q26) -> 547453.19 | S26: =D25-R26 -> 0
S27: =D26-R27 -> 0
B28: ='PLANILHA ORÇAMENTO'!B188 -> 08 | C28: ='PLANILHA ORÇAMENTO'!E188 -> OBRAS DE CONTEÇÃO - PROTECAO DE TALUDE / GABIAO | D28: ='PLANILHA ORÇAMENTO'!J209 -> 6721971.1 | E28: =D28/D34 -> 0.53332145 | F28: 0.0542 | G28: 0.1084 | H28: 0.1264 | I28: 0.0722 | J28: 0.0293 | K28: 0.0585 | L28: 0.0585 | M28: 0.0878 | N28: 0.0929 | O28: 0.138 | P28: 0.1044 | Q28: 0.0694 | R28: =SUM(F28:Q28) -> 1
F29: =$D$28*F28 -> 364330.84 | G29: =$D$28*G28 -> 728661.67 | H29: =$D$28*H28 -> 849657.15 | I29: =$D$28*I28 -> 485326.32 | J29: =$D$28*J28 -> 196953.75 | K29: =$D$28*K28 -> 393235.31 | L29: =$D$28*L28 -> 393235.31 | M29: =$D$28*M28 -> 590189.07 | ... Q29: =$D$28*Q28 -> 466504.8 | R29: =SUM(F29:Q29) -> 6721971.1 | S29: =D28-R29 -> 0
S30: =D29-R30 -> 0
B31: ='PLANILHA ORÇAMENTO'!B211 -> 09 | C31: ='PLANILHA ORÇAMENTO'!E211 -> CONTENCAO EM SOLO GRAMPEADO E ENTELAMENTO ROCHOSO | D31: ='PLANILHA ORÇAMENTO'!J221 -> 1121991.4 | E31: =D31/D34 -> 0.089018842 | G31: 0.0004 | H31: 0.0008 | I31: 0.003 | J31: 0.0996 | K31: 0.2987 | L31: 0.3983 | M31: 0.1992 | R31: =SUM(F31:Q31) -> 1
G32: =$D$31*G31 -> 448.79657 | H32: =$D$31*H31 -> 897.59314 | I32: =$D$31*I31 -> 3365.9743 | J32: =$D$31*J31 -> 111750.35 | K32: =$D$31*K31 -> 335138.84 | L32: =$D$31*L31 -> 446889.18 | M32: =$D$31*M31 -> 223500.69 | R32: =SUM(F32:Q32) -> 1121991.4 | S32: =D31-R32 -> 0
C34: TOTAL GERAL DA OBRA | D34: =SUM(D6:D33) -> 12603977 | E34: =SUM(E6:E33) -> 1
C36: % TOTAL | F36: =F39/D34 -> 0.045173104 | G36: =G38/$D$34 -> 0.088446479 | H36: =H38/$D$34 -> 0.10229719 | I36: =I38/$D$34 -> 0.066148387 | J36: =J38/$D$34 -> 0.079126554 | K36: =K38/$D$34 -> 0.11847022 | L36: =L38/$D$34 -> 0.12467778 | M36: =M38/$D$34 -> 0.10383944 | N36: =N38/$D$34 -> 0.068015432 | ... Q36: =Q38/$D$34 -> 0.04321383 | R36: =SUM(F36:Q36) -> 1
C37: % TOTAL ACUMULADO | F37: =F38/D34 -> 0.045173104 | G37: =F37+G36 -> 0.13361958 | H37: =G37+H36 -> 0.23591678 | I37: =H37+I36 -> 0.30206516 | J37: =I37+J36 -> 0.38119172 | K37: =J37+K36 -> 0.49966194 | L37: =K37+L36 -> 0.62433972 | M37: =L37+M36 -> 0.72817916 | N37: =M37+N36 -> 0.7961946 | ... Q37: =P37+Q36 -> 1 | R37: -
C38: VALOR TOTAL | F38: =F8+F11+F14+F17+F20+F23+F26+F29+F32 -> 569360.75 | G38: =G8+G11+G14+G17+G20+G23+G26+G29+G32 -> 1114777.4 | H38: =H8+H11+H14+H17+H20+H23+H26+H29+H32 -> 1289351.5 | I38: =I8+I11+I14+I17+I20+I23+I26+I29+I32 -> 833732.73 | J38: =J8+J11+J14+J17+J20+J23+J26+J29+J32 -> 997309.24 | K38: =K8+K11+K14+K17+K20+K23+K26+K29+K32 -> 1493195.9 | L38: =L8+L11+L14+L17+L20+L23+L26+L29+L32 -> 1571435.9 | M38: =M8+M11+M14+M17+M20+M23+M26+M29+M32 -> 1308789.9 | ... Q38: =Q8+Q11+Q14+Q17+Q20+Q23+Q26+Q29+Q32 -> 544666.11 | R38: =SUM(F38:Q38) -> 12603977 | S38: =D34-R38 -> 0
C39: VALOR TOTAL ACUMULADO | F39: =F38 -> 569360.75 | G39: =F39+G38 -> 1684138.1 | H39: =G39+H38 -> 2973489.6 | I39: =H39+I38 -> 3807222.3 | J39: =I39+J38 -> 4804531.5 | K39: =J39+K38 -> 6297727.5 | L39: =K39+L38 -> 7869163.3 | M39: =L39+M38 -> 9177953.3 | N39: =M39+N38 -> 10035218 | ... Q39: =P39+Q38 -> 12603977 | R39: -
F43: DISTRIBUIÇÃO DE CRONOGRAMA PREVISTO PARA AS 07 ÁREAS - SENDO 02 EM CONCOMITÂNCIA CONFORME DISPONIBILIDADE
F44: MÊS 01 | G44: MÊS 02 | H44: MÊS 03 | I44: MÊS 04 | J44: MÊS 05 | K44: MÊS 06 | L44: MÊS 07 | M44: MÊS 08 | N44: MÊS 09 | O44: MÊS 10 | P44: MÊS 11 | Q44: MÊS 12
F46: ÁREA 23 | G46: ÁREA 09 | H46: ÁREA 09 | I46: ÁREA 09 | J46: ÁREA 18 | K46: ÁREA 18 | L46: ÁREA 18 | M46: ÁREA 18 | N46: ÁREA 18 | O46: ÁREA 11 | P46: ÁREA 11 | Q46: ÁREA 11
F47: ÁREA 07 | G47: ÁREA 07 | H47: ÁREA 07 | I47: ÁREA 07 | J47: ÁREA 22 | K47: ÁREA 22 | L47: ÁREA 22 | M47: ÁREA 22 | N47: ÁREA 21 | O47: ÁREA 21 | P47: ÁREA 21 | Q47: ÁREA 21
